 Dungeon Crawl Stone Soup version 0.26.1-11-gd32895ea62 (webtiles) character file.

Game seed: 10954543138466845035

254 Zeld the Stinger (level 6, 0/38 HPs)
             Began as an Octopode Transmuter on May 11, 2021.
             Slain by an ufetubus (4 damage)
             ... on level 6 of the Dungeon.
             The game lasted 00:04:02 (3638 turns).

Zeld the Stinger (Octopode Transmuter)              Turns: 3638, Time: 00:04:02

Health: 0/38       AC:  1    Str: 11    XL:     6   Next: 15%
Magic:  9/9        EV: 13    Int: 15    God:
Gold:   98         SH:  0    Dex: 13    Spells: 3/9 levels left

rFire    . . .     SeeInvis .     - Unarmed
rCold    . . .     Faith    .   (no shield)
rNeg     . . .     Spirit   .   (helmet restricted)
rPois    .         Reflect  .   (no amulet)
rElec    .         Harm     .   (no ring)
rCorr    .         Rampage  .   (no ring)
Will     .....                  (no ring)
Stlth    ++........             (no ring)
HPRegen  0.12/turn              (no ring)
MPRegen  0.11/turn              (no ring)
                                (no ring)
                                (no ring)

@: no status effects
A: almost no armour, stealthy swim, amphibious, 8 rings, constrict 8, camouflage
1, gelatinous body 1
a: no special abilities


You were on level 6 of the Dungeon.
You visited 1 branch of the dungeon, and saw 5 of its levels.

You collected 98 gold pieces.

Inventory:

Wands
 k - a wand of digging (3)
Scrolls
 a - 6 scrolls of identify {unknown}
 c - a scroll of enchant weapon {unknown}
 e - a scroll of remove curse {unknown}
 f - a scroll of teleportation {unknown}
 g - a scroll of blinking {unknown}
 i - a scroll of amnesia {unknown}
Potions
 b - 2 potions of heal wounds {unknown}
 d - 2 potions of degeneration {unknown}
 h - a potion of invisibility {unknown}
 j - a potion of flight {unknown}


   Skills:
 + Level 1.5 Fighting
 + Level 2.3 Dodging
 - Level 3.0 Unarmed Combat
 + Level 2.2 Spellcasting
 * Level 2.7 Transmutations
 - Level 6.0 Poison Magic


You had 3 spell levels left.
You knew the following spells:

 Your Spells              Type           Power        Failure   Level
a - Beastly Appendage     Tmut           18%          7%          1
b - Wereblood             Tmut           9%           11%         2
c - Spider Form           Tmut/Pois      7%           11%         3

Your spell library contained the following spells:

 Spells                   Type           Power        Failure   Level
 Ice Form                 Ice/Tmut       5%           77%         4
 Blade Hands              Tmut           4%           89%         5


Dungeon Overview and Level Annotations

Branches:
Dungeon (4/15)
 Temple: D:4-7

Altars:
Elyvilon
Trog

Annotations:
D:3 Grinder


Innate Abilities, Weirdness & Mutations

You cannot wear most types of armour.
You are very stealthy in the water. (Stealth+)
You are amphibious.
You can wear up to eight rings at the same time.
You can use your tentacles to constrict eight enemies at once.
Your skin changes colour to match your surroundings (Stealth+).
Your rubbery body absorbs attacks. (AC +1, EV +1)


Message History

The ufetubus closely misses you. The ufetubus barely misses you.
The ufetubus hits you.
* * * LOW HITPOINT WARNING * * *
The ufetubus closely misses you.
Found a ring mail.
The ufetubus closely misses you. The ufetubus barely misses you.
The ufetubus misses you. x2
Aiming: Dig
Press: ? - help, Shift-Dir - straight line The rock shatters into small pieces.
The ufetubus closely misses you. The ufetubus misses you.
The ufetubus hits you.
* * * LOW HITPOINT WARNING * * *
The ufetubus misses you. The ufetubus barely misses you. The ufetubus hits you.
* * * LOW HITPOINT WARNING * * *
The ufetubus barely misses you. The ufetubus closely misses you.
Aiming: Dig
Press: ? - help, Shift-Dir - straight line The rock shatters into small pieces.
The ufetubus hits you.
You die...

........S ..........
#......... #.........
#######.........
#...........(...
#...............
########.[.............
#.....@5Y..............
########.....#.........
#.....####...S##
#.....# #....# #######
#....# #....# #....#
#....# #....#


You could see an ice beast and an ufetubus.

Vanquished Creatures
  Sigmund (D:2)
  Robin (D:3)
  An adder (D:2)
  A dart slug (D:1)
  A leopard gecko (D:4)
  An orc (D:3)
  3 giant cockroaches
  14 goblins
  14 hobgoblins
  5 jackals
  8 kobolds
  A quokka (D:3)
  6 bats
  7 frilled lizards
  8 rats
72 creatures vanquished.

Notes
Turn   | Place    | Note
-------+----------+-------------------------------------------
     0 | D:1      | Zeld the Octopode Transmuter began the quest for the Orb.
     0 | D:1      | Reached XP level 1. HP: 13/13 MP: 3/3
   429 | D:1      | Reached XP level 2. HP: 18/18 MP: 3/5
   432 | D:1      | Learned a level 2 spell: Wereblood
  1165 | D:1      | Reached XP level 3. HP: 18/23 MP: 4/6
  1169 | D:1      | Learned a level 3 spell: Spider Form
  1503 | D:1      | Reached skill level 1 in Poison Magic
  2060 | D:2      | Reached skill level 2 in Poison Magic
  2527 | D:2      | Noticed Sigmund
  2539 | D:2      | Killed Sigmund
  2540 | D:2      | Reached skill level 5 in Poison Magic
  2540 | D:2      | Reached XP level 4. HP: 17/28 MP: 4/7
  2540 | D:2      | Reached XP level 5. HP: 20/33 MP: 4/8
  3018 | D:3      | Noticed Robin
  3027 | D:3      | Reached XP level 6. HP: 34/38 MP: 6/9
  3206 | D:3      | Killed Robin
  3207 | D:3      | Reached skill level 6 in Poison Magic
  3412 | D:3      | Noticed Grinder
  3433 | D:3      | Paralysed by Grinder for 3 turns
  3448 | D:3      | Paralysed by Grinder for 3 turns
  3505 | D:3      | Paralysed by Grinder for 4 turns
  3510 | D:4      | Found a bloodstained altar of Trog.
  3515 | D:4      | Found a white marble altar of Elyvilon.
  3606 | D:4      | You fall into a shaft and drop 2 floors!
  3607 | D:6      | Noticed an ice beast
  3638 | D:6      | Slain by an ufetubus

Illustrated notes

Levels and vault maps discovered:
D:1:      roderic_dead_forest, layout_basic, serial_co_window_serial,
          co_window_corner_a, co_window_corner_a, co_window_corner_a,
          co_window_corner_a, co_window_corner_a, co_window_paths_b,
          co_window_2corner, co_window_broadway_c, co_window_unsneaky_path_a,
          co_window_corner_b, co_window_broadway_c, co_window_of_opportunity_b,
          co_window_corner_ca, glass_columns_a, glass_columns_a,
          glass_columns_c, glass_columns_b, hangedman_feature_mirror
D:2:      layout_basic, nrook_mini_backslash, skrybe_limestone_x, uniq_sigmund
D:3:      layout_loops_ring, supply_closet_lemuel, uniq_robin, uniq_grinder
D:4:      layout_rooms, gammafunk_temple_overflow_elements, bloody_trog,
          grunt_ministairs_2, lemuel_tele_altar
D:6:      layout_basic, uniq_duvessa, uniq_pikel

Skill      XL: |  1  2  3  4  5  6 |
---------------+-------------------+-----
Poison Magic   | 5 6 |  6.0
Fighting       | |  1.5
Dodging        | |  2.3
Unarmed Combat | |  3.0
Spellcasting   | |  2.2
Transmutations | |  2.7

Action                   |  1- 3 |  4- 6 || total
-------------------------+-------+-------++-------
Melee: Unarmed           |   105 |    50 ||   155
       Kick              |    17 |     2 ||    19
       Constrict         |    28 |    12 ||    40
       Tentacles         |    16 |     6 ||    22
       Punch             |     2 |       ||     2
 Cast: Beastly Appendage |    26 |    12 ||    38
       Wereblood         |     1 |     1 ||     2
       Spider Form       |     1 |     1 ||     2
Evoke: Wand              |       |     3 ||     3
 Stab: Sleeping          |     2 |     2 ||     4
Armor: Skin              |     5 |     4 ||     9
Dodge: Dodged            |    73 |    64 ||   137
